 Dungeon Crawl Stone Soup version 0.28.0-53-g5a82cb258f (webtiles) character file.

Game seed: 16019503586139516500

14143 greena the Basher (level 11, 0/97 HPs)
             Began as a Minotaur Hunter on May 26, 2022.
             Was a Priest of Okawaru.
             Succumbed to a cane toad's poison
             ... on level 1 of the Lair of Beasts.
             The game lasted 00:37:34 (10710 turns).

greena the Basher (Minotaur Hunter)                Turns: 10710, Time: 00:37:35

Health: 0/97       AC:  9    Str: 21    XL:     11   Next: 84%
Magic:  10/10      EV: 14    Int:  8    God:    Okawaru [***...]
Gold:   591        SH:  0    Dex: 14    Spells: 11/11 levels left

rFire   . . .      SeeInvis +   m - +1 arbalest (flame)
rCold   . . .      Faith    .   (shield currently unavailable)
rNeg    . . .      Spirit   .   f - +1 leather armour "Baqeo" {Str+3}
rPois   +          Reflect  .   (helmet restricted)
rElec   .          Harm     .   G - scarf {+Inv}
rCorr   .          Rampage  .   D - +1 pair of gloves
Will    .....                   E - +1 pair of boots
Stlth   +++.......              (no amulet)
HPRegen 0.26/turn               c - ring of poison resistance
MPRegen 0.12/turn               y - ring of see invisible

@: lethally poisoned (0 -> -14), hasted, very quick
A: horns 2, retaliatory headbutt
a: Renounce Religion, Evoke Invisibility, Heroism


You were on level 1 of the Lair of Beasts.
You worshipped Okawaru.
Okawaru was most pleased with you.
You visited 2 branches of the dungeon, and saw 10 of its levels.

You collected 591 gold pieces.

Inventory:

Hand Weapons
 m - a +1 arbalest of flaming (weapon)
 n - the +7 mace of Truth {spect, rC+}
   (You found it on level 4 of the Dungeon)

   When its wielder attacks, the weapon's spirit leaps out and strikes again.
   The spirit shares a part of any damage it takes with its wielder.
   rC:        It protects you from cold.
 F - the +7 rapier of Terror {venom, rN+ Str+5 Int+2}
   (You found it on level 1 of the Lair of Beasts)

   It poisons the flesh of those it strikes.
   Str:       It affects your strength (+5).
   Int:       It affects your intelligence (+2).
   rN:        It protects you from negative energy.
Missiles
 d - 65 bolts (quivered ammo)
 e - 20 poisoned darts
 g - 112 arrows
 h - 7 javelins
 o - 4 atropa-tipped darts
 s - 5 datura-tipped darts
 J - 2 silver javelins
Armour
 f - the +1 leather armour "Baqeo" (worn) {Str+3}
   (You found it on level 4 of the Dungeon)

   Str:       It affects your strength (+3).
 r - a +0 scale mail of willpower
 D - a +1 pair of gloves (worn)
 E - a +1 pair of boots (worn)
 G - a scarf of invisibility (worn)
Jewellery
 c - a ring of poison resistance (left hand)
 y - a ring of see invisible (right hand)
 B - a ring of willpower
Wands
 u - a wand of flame (34)
 w - a wand of mindburst (10)
 z - a wand of digging (5)
 I - a wand of polymorph (11)
Scrolls
 k - 3 scrolls of teleportation
 q - a scroll of enchant weapon
 v - a scroll of amnesia
 x - 2 scrolls of identify
Potions
 b - 2 potions of lignification
 l - a potion of cancellation
 A - 3 potions of ambrosia
 K - a potion of resistance


   Skills:
 + Level 9.0 Fighting
 + Level 1.2(1.5) Short Blades
 + Level 1.3(1.7) Long Blades
 + Level 1.3(8.4) Axes
 + Level 10.9(11.0) Maces & Flails
 + Level 6.9(7.1) Polearms
 + Level 1.3(8.4) Staves
 + Level 1.2(1.9) Slings
 + Level 1.2 Bows
 + Level 7.9 Crossbows
 + Level 2.0(2.2) Throwing
 + Level 7.1 Armour
 + Level 6.2 Dodging
 + Level 5.1 Stealth
 + Level 1.3 Shields
 + Level 2.1 Unarmed Combat
 + Level 0.6 Spellcasting
 + Level 0.7 Conjurations
 + Level 0.6 Hexes
 + Level 0.7 Necromancy
 + Level 0.7 Translocations
 + Level 0.8 Transmutations
 + Level 0.7 Ice Magic
 + Level 0.7 Air Magic
 + Level 0.8 Earth Magic
 + Level 1.1 Invocations
 + Level 1.0 Evocations


You had 11 spell levels left.
You didn't know any spells.
Your spell library contained the following spells:

 Spells                   Type           Power      Damage    Failure   Level
 Foxfire                  Conj/Fire      0%         2x1d4     38%         1
 Passwall                 Tmut/Erth      0%         N/A       45%         2
 Corpse Rot               Necr/Air       2%         N/A       47%         2
 Ensorcelled Hibernation  Hex/Ice        2%         N/A       50%         2
 Swiftness                Air            1%         N/A       71%         3
 Conjure Flame            Conj/Fire      0%         6-21      77%         3
 Inner Flame              Hex/Fire       0%         N/A       77%         3
 Dispel Undead            Necr           1%         3d6       98%         4
 Flame Wave               Conj/Fire      0%         2d4       99%         4
 Death Channel            Necr           Unusable   N/A       N/A         6

Dungeon Overview and Level Annotations

Branches:
Dungeon (8/15)             Temple (0/1) D:4            Lair (2/6) D:8
  Swamp: Lair:2-4    Shoals: Lair:2-4     Snake: Lair:2-4    Spider: Lair:2-4

Altars:
Cheibriados
Hepliaklqana
Nemelex Xobeh
Okawaru
Trog
Yredelemnul


Innate Abilities, Weirdness & Mutations

You have a pair of horns on your head.
You reflexively headbutt those who attack you in melee.


Message History

You shoot a bolt.
The bolt hits the cane toad but does no damage.
The cane toad is heavily wounded.
You feel very sick. The cane toad stings you!
* * * LOW HITPOINT WARNING * * *
The cane toad stings you!
* * * LOW HITPOINT WARNING * * *
Drinking this now will have no effect.
You feel yourself speed up.
You feel sick. The cane toad barely misses you.
You feel sick.
You feel sick.
There is a stone staircase leading up here.
You feel sick. The cane toad stings you.
* * * LOW HITPOINT WARNING * * *
You are lethally poisoned!
The cane toad poisons you!
You climb upwards.
* * * LOW HITPOINT WARNING * * *
You feel very sick.
There is a stone staircase leading down here.
Okay, then.
Okay, then.
Really attack while wielding your +1 arbalest of flaming?
Okay, then.
Fire: 67 bolts
Press: ? - help, Q - select action, (/) - cycle Shift-Dir - straight line, f - cane toad
Aim: a cane toad (heavily wounded, 70% to hit)
You shoot a bolt.
The bolt completely misses the cane toad.
* * * LOW HITPOINT WARNING * * *
You feel very sick. The cane toad completely misses you.
You furiously retaliate!
You headbutt the cane toad!
Fire: 66 bolts
Press: ? - help, Q - select action, (/) - cycle Shift-Dir - straight line, f/p - cane toad
Aim: a cane toad (heavily wounded, 70% to hit)
You shoot a bolt. The bolt hits the cane toad.
The bolt burns the cane toad.
The cane toad is severely wounded.
You die...

#....## ##### #....# #....#
##....# #....## #.....# #.....#
##....## # ##### #....## ###
##.....#
###...###....P#######.####.....P#
...............................##
............^(.................#
.........(.....F@..............#
...............................#
######.##.#####P#########.######
###### ### ###


You could see a cane toad.

Vanquished Creatures
  A hydra (Lair:1)
  A two-headed ogre (D:8)
  A black mamba (Lair:1)
  Joseph (D:7)
  A cane toad (Lair:1)
  Maggie (D:6)
  Psyche (D:8)
  Prince Ribbit (D:5)
  Sigmund (D:3)
  4 yaks (Lair:1)
  2 steam dragons (D:6)
  Menkaure (D:7)
  Edmund (D:6)
  A water moccasin (Lair:1)
  Duvessa (D:7)
  An orc warrior (D:8)
  A black bear (D:7)
  2 sky beasts
  2 necrophages
  2 centaurs
  A phantom (D:5)
  3 ogres
  6 bullfrogs
  A scorpion (D:5)
  3 jellies
  3 water moccasin zombies
  A water moccasin skeleton (D:6)
  Dowan (D:7)
  4 wights (D:8)
  A howler monkey (D:8)
  A bullfrog zombie (D:4)
  3 centaur zombies
  A centaur skeleton (D:4)
  3 hounds
  4 orc priests
  Terence (D:3)
  3 orc wizards
  Ijyb (D:5)
  3 iguanas
  A scorpion zombie (D:4)
  A hound skeleton (D:4)
  2 howler monkey zombies
  Robin (D:4)
  5 gnolls (D:8)
  6 adders
  3 white imps
  2 worms
  3 dart slugs
  22 orcs
  4 bats
  5 endoplasms
  21 hobgoblins
  4 jackals (D:4)
  4 quokkas
  9 ball pythons
  2 frilled lizards
  23 goblins
  13 kobolds
  9 rats
211 creatures vanquished.

Vanquished Creatures (others)
  A plant (D:8)
1 creature vanquished.

Grand Total: 212 creatures vanquished

Notes
Turn   | Place    | Note
-------+----------+-------------------------------------------
     0 | D:1      | greena the Minotaur Hunter began the quest for the Orb.
     0 | D:1      | Reached XP level 1. HP: 18/18 MP: 0/0
   232 | D:1      | Reached XP level 2. HP: 25/25 MP: 1/1
   322 | D:1      | You fall into a shaft and drop 1 floor!
   359 | D:2      | Reached skill level 5 in Crossbows
   689 | D:2      | Found a faded altar of an unknown god.
   695 | D:2      | Reached XP level 3. HP: 30/30 MP: 2/2
  1098 | D:3      | Reached skill level 1 in Armour
  1608 | D:3      | Noticed Terence
  1617 | D:3      | Killed Terence
  1618 | D:3      | Reached XP level 4. HP: 26/38 MP: 3/3
  1969 | D:3      | Noticed Sigmund
  1979 | D:3      | Killed Sigmund
  1980 | D:3      | Reached skill level 1 in Stealth
  1980 | D:3      | Reached XP level 5. HP: 15/45 MP: 4/4
  2728 | D:4      | Noticed an ogre
  2736 | D:3      | Killed an ogre
  2737 | D:3      | Reached XP level 6. HP: 13/51 MP: 5/5
  3206 | D:4      | Reached XP level 7. HP: 30/58 MP: 6/6
  3389 | D:4      | Identified the +1 leather armour "Baqeo" {Str+3}
  3503 | D:4      | Noticed a moth of wrath
  3507 | D:4      | Found a bloodstained altar of Trog.
  3709 | D:4      | Identified the +7 mace of Truth {spect, rC+}
  3815 | D:4      | Found a staircase to the Ecumenical Temple.
  3965 | D:4      | Noticed Robin
  3976 | D:4      | Killed Robin
  4116 | D:4      | Found a basalt altar of Yredelemnul.
  4170 | D:4      | Found a hazy altar of Hepliaklqana.
  4360 | D:5      | Entered Level 5 of the Dungeon
  4395 | D:5      | Reached skill level 1 in Maces & Flails
  4395 | D:5      | Reached skill level 5 in Polearms
  4713 | D:5      | Reached skill level 2 in Maces & Flails
  4713 | D:5      | Reached XP level 8. HP: 65/67 MP: 7/7
  4801 | D:5      | Noticed Ijyb
  4809 | D:5      | Killed Ijyb
  4833 | D:5      | Noticed Prince Ribbit
  4844 | D:5      | Reached skill level 3 in Maces & Flails
  4852 | D:5      | Killed Prince Ribbit
  5209 | D:6      | Reached skill level 5 in Fighting
  5218 | D:6      | Reached skill level 4 in Maces & Flails
  5248 | D:6      | Noticed Maggie
  5261 | D:6      | Killed Maggie
  5262 | D:6      | Reached skill level 5 in Maces & Flails
  5620 | D:6      | Noticed Edmund
  5629 | D:6      | Killed Edmund
  5630 | D:6      | Reached skill level 6 in Maces & Flails
  5630 | D:6      | Reached XP level 9. HP: 65/74 MP: 8/8
  5632 | D:6      | Reached skill level 5 in Armour
  5686 | D:6      | Found an iron altar of Okawaru.
  5723 | D:6      | Found a sparkling altar of Nemelex Xobeh.
  6162 | D:6      | Reached skill level 7 in Maces & Flails
  6632 | D:6      | Became a worshipper of Warmaster Okawaru
  6654 | D:7      | Noticed Dowan
  6656 | D:7      | Noticed Duvessa
  6657 | D:7      | Noticed a two-headed ogre
  6881 | D:7      | Killed Duvessa
  6885 | D:7      | Killed Dowan
  7134 | D:7      | Noticed Joseph
  7144 | D:7      | Killed Joseph
  7144 | D:7      | Reached * piety under Okawaru
  7145 | D:7      | Reached skill level 8 in Maces & Flails
  7145 | D:7      | Reached skill level 5 in Dodging
  7224 | D:7      | Noticed Menkaure
  7228 | D:7      | Killed Menkaure
  7647 | D:8      | Identified the +5 rapier of Exchange {drain, Will- Int+7}
  7973 | D:8      | Noticed a two-headed ogre
  7979 | D:8      | Killed a two-headed ogre
  7980 | D:8      | Reached skill level 9 in Maces & Flails
  7980 | D:8      | Reached XP level 10. HP: 63/86 MP: 9/9
  8091 | D:8      | Reached ** piety under Okawaru
  9001 | D:8      | Found a staircase to the Lair.
  9004 | D:8      | Found a snail-covered altar of Cheibriados.
  9009 | D:8      | Noticed Psyche
  9043 | D:8      | Killed Psyche
  9362 | Lair:1   | Entered Level 1 of the Lair of Beasts
  9390 | Lair:1   | Noticed a cane toad
  9399 | Lair:1   | Killed a cane toad
  9400 | Lair:1   | Reached skill level 10 in Maces & Flails
  9455 | Lair:1   | Reached *** piety under Okawaru
  9604 | Lair:1   | Noticed a black mamba
  9612 | Lair:1   | Killed a black mamba
  9612 | Lair:1   | Received a gift from Okawaru
  9613 | Lair:1   | Reached skill level 1 in Unarmed Combat
  9816 | Lair:1   | Noticed a five-headed hydra
  9827 | Lair:1   | Killed a five-headed hydra
 10169 | Lair:1   | Reached skill level 1 in Short Blades
 10169 | Lair:1   | Reached skill level 1 in Long Blades
 10169 | Lair:1   | Reached skill level 1 in Axes
 10169 | Lair:1   | Reached skill level 1 in Staves
 10169 | Lair:1   | Reached skill level 1 in Slings
 10169 | Lair:1   | Reached skill level 1 in Bows
 10169 | Lair:1   | Reached skill level 1 in Shields
 10169 | Lair:1   | Reached skill level 1 in Invocations
 10169 | Lair:1   | Reached skill level 1 in Evocations
 10169 | Lair:1   | Reached XP level 11. HP: 95/95 MP: 10/10
 10271 | Lair:1   | Identified the +7 rapier of Terror {venom, rN+ Str+5 Int+2}
 10277 | Lair:1   | Reached skill level 5 in Stealth
 10709 | Lair:1   | HP: 2/97 [poisoned by a cane toad]
 10710 | Lair:1   | Succumbed to a cane toad's poison

Illustrated notes

Levels and vault maps discovered:
D:1:      dpeg_arrival_castle, layout_loops_ring, serial_shops,
          nicolae_shop_competitors_out_of_business
D:2:      minmay_evil_eye, layout_rooms, nicolae_ecumenical_pavilion
D:3:      layout_basic, uniq_sigmund, uniq_terence
D:4:      layout_loops_ring, tgw_trog, overflow_temple_1_default,
          nicolae_yredelemnul_corpse_copse, minmay_temple_entry_proselytizer,
          serial_forest, infiniplex_forest_end_1,
          infiniplex_forest_clump_double, infiniplex_forest_lined_1,
          infiniplex_forest_end_3, infiniplex_forest_clump_diagonal,
          st_stairs_2, minivault_11, uniq_robin
D:5:      layout_cave_pods, uniq_prince_ribbit1, uniq_ijyb
D:6:      layout_basic, nicolae_overflow_crystal_walls, kennysheep_little_box,
          minmay_fountain_box, small_statue_alley_b,
          chequers_serial_rivers_micro_d, uniq_maggie, uniq_edmund
D:7:      layout_cave_pools, grunt_decor_mini_mirrors, uniq_duvessa,
          uniq_joseph, uniq_menkaure
D:8:      corexii_shantytown, layout_basic, amcnicky_altar_gilded,
          lair_entry_dummy, ebering_ghost_disaster_area, uniq_psyche
Lair:1:   layout_long_grid, nicolae_volcano_entry_two_sided
Lair:2:   layout_concentric_octagons, nicolae_spider_entry_tight_spaces,
          serial_rivers, chequers_serial_rivers_micro_a,
          chequers_serial_rivers_micro_b, chequers_serial_rivers_micro_e,
          chequers_serial_rivers_marsh, lemuel_fruit_fields, uniq_gastronok

Skill      XL: |  1  2  3  4  5  6  7  8  9 10 11 |
---------------+----------------------------------+-----
Crossbows      | 5 6 7 |  7.9
Armour         | 1 2 3 4 6 7 |  7.1
Fighting       | 3 4 5 7 8 9 |  9.0
Polearms       | 2 4 5 6 |  6.9
Stealth        | 1 2 3 4 5 |  5.1
Maces & Flails | 2 6 9 10 | 10.9
Dodging        | 3 5 6 |  6.2
Unarmed Combat | 2 |  2.1
Short Blades   | 1 |  1.2
Long Blades    | 1 |  1.3
Axes           | 1 |  1.3
Staves         | 1 |  1.3
Slings         | 1 |  1.2
Bows           | 1 |  1.2
Throwing       | 2 |  2.0
Shields        | 1 |  1.3
Invocations    | 1 |  1.1
Evocations     | 1 |  1.0
Spellcasting   | |  0.6
Conjurations   | |  0.7
Hexes          | |  0.6
Necromancy     | |  0.7
Translocations | |  0.7
Transmutations | |  0.8
Ice Magic      | |  0.7
Air Magic      | |  0.7
Earth Magic    | |  0.8

Action                   |  1- 3 |  4- 6 |  7- 9 | 10-12 || total
-------------------------+-------+-------+-------+-------++-------
Melee: Trident           |    18 |     7 |       |       ||    25
       Headbutt          |     2 |     6 |    32 |    10 ||    50
       Scythe            |       |    27 |    28 |       ||    55
       Mace              |       |       |   161 |    52 ||   213
       Punch             |       |       |     6 |     2 ||     8
       Unarmed           |       |       |       |     9 ||     9
 Fire: Hand crossbow     |    88 |    15 |     1 |       ||   104
       Arbalest          |       |       |     2 |    43 ||    45
Throw: Dart              |       |       |       |     2 ||     2
Invok: Heroism           |       |       |       |     1 ||     1
  Use: Scroll            |       |     5 |    10 |     5 ||    20
       Potion            |       |     4 |     4 |     3 ||    11
 Stab: Sleeping          |       |       |     5 |     2 ||     7
       Distracted        |       |       |     1 |       ||     1
Armor: Leather armour    |    12 |     1 |    39 |    24 ||    76
       Scale mail        |       |     9 |     2 |       ||    11
Dodge: Dodged            |    28 |    29 |   102 |    69 ||   228
